 Dungeon Crawl Stone Soup version 0.28-a0-909-g796cbd3a86 (webtiles) character file.

Game seed: 10650422006307516396

81 vurker the Gusty (level 4, 19/19 HPs)
             Began as a Felid Air Elementalist on Nov 24, 2021.
             Quit the game on level 3 of the Dungeon.
             The game lasted 00:01:55 (2986 turns).

vurker the Gusty (Felid Air Elementalist)           Turns: 2986, Time: 00:01:55

Health: 19/19      AC:  1    Str:  4    XL:     4   Next: 19%
Magic:  9/9        EV: 17    Int: 23    God:
Gold:   148        SH:  0    Dex: 17    Spells: 8/9 levels left
                                        Lives:  0   Deaths: 1

rFire   . . .      SeeInvis +   (weapon unavailable)
rCold   . . .      Faith    .   (shield unavailable)
rNeg    . . .      Spirit   .   (armour unavailable)
rPois   .          Reflect  .   (helmet unavailable)
rElec   .          Harm     .   (cloak unavailable)
rCorr   .          Rampage  .   (gloves unavailable)
Will    .....                   (boots unavailable)
Stlth   ++........              (no amulet)
HPRegen 0.06/turn               i - +6 ring of intelligence
MPRegen 0.11/turn               (no ring)

@: quick
A: very small, claws 1, fangs 3, see invisible, speed 1, shaggy fur 1, stealthy
paws, no weapons or thrown items, no armour, multi-lived
a: no special abilities


You were on level 3 of the Dungeon.
You visited 1 branch of the dungeon, and saw 3 of its levels.

You collected 148 gold pieces.

Inventory:

Jewellery
 i - a +6 ring of intelligence (left paw)
   (You found it on level 2 of the Dungeon)
Scrolls
 c - a scroll of fog {unknown}
 g - a scroll of teleportation {unknown}
Potions
 a - a potion of heal wounds {unknown}
 b - a potion of resistance {unknown}
 d - a potion of lignification {unknown}
 e - a potion of curing {unknown}
 f - a potion of brilliance {unknown}
 h - 3 potions of flight {unknown}


   Skills:
 + Level 1.7 Fighting
 - Level 2.6 Dodging
 - Level 2.6 Stealth
 * Level 3.3 Spellcasting
 + Level 1.8 Conjurations
 * Level 3.8 Air Magic


You had 8 spell levels left.
You knew the following spells:

 Your Spells              Type           Power      Damage    Failure   Level
a - Shock                 Conj/Air       68%        1d7       3%          1

Your spell library contained the following spells:

 Spells                   Type           Power      Damage    Failure   Level
 Static Discharge         Conj/Air       17%        N/A       5%          2
 Swiftness                Air            21%        N/A       7%          3
 Passwall                 Tmut/Erth      2%         N/A       17%         2
 Airstrike                Air            10%        N/A       22%         4


Dungeon Overview and Level Annotations

Branches:
Dungeon (3/15)

Altars:


Innate Abilities, Weirdness & Mutations

You have sharp claws.
You have razor-sharp teeth.
You have supernaturally acute eyesight. (SInv)
You cover ground quickly. (Speed+)
You are covered in fur. (AC +1)
Your paws help you pounce on unaware monsters.
You are incapable of wielding weapons or throwing items.
You cannot wear armour.
You gain extra lives every three experience levels.


Message History

The orc shouts!
You hear a shout!
The orc wizard gestures at you while chanting.
You resist with some effort.
Aim: an orc wizard, wielding a +0 dagger and wearing a +0 robe (lightly wounded, 64% to hit)
The zap hits the orc wizard.
Aim: an orc wizard, wielding a +0 dagger and wearing a +0 robe (heavily wounded, 64% to hit)
The zap hits the orc wizard.
An orc comes into view. It is wielding a +3 short sword.
Aim: an orc wizard, wielding a +0 dagger and wearing a +0 robe (severely wounded, 64% to hit)
The zap hits the orc wizard.
Aim: an orc wizard, wielding a +0 dagger and wearing a +0 robe (almost dead, 64% to hit)
That beam is likely to hit you.
Continue anyway?
Okay, then.
Aim: an orc wizard, wielding a +0 dagger and wearing a +0 robe (almost dead, 64% to hit)
The zap hits the orc wizard.
You kill the orc wizard!
You have reached level 5!
You feel agile.
Aim: an orc, wielding a +0 hand axe and wearing a +0 ring mail (75% to hit)
The zap misses the orc.
An orc priest comes into view. It is wielding a +0 mace.
Aim: an orc, wielding a +0 hand axe and wearing a +0 ring mail (75% to hit)
The zap hits the orc. x2
The orc priest shouts!
Aim: an orc, wielding a +0 hand axe and wearing a +0 ring mail (almost dead, 75% to hit)
The zap hits the orc but does no damage. x2
An orc priest comes into view. It is wielding a +0 short sword.
Aim: an orc, wielding a +0 hand axe and wearing a +0 ring mail (almost dead, 75% to hit)
The zap hits the orc.
You kill the orc!
The orc priest shouts!
You don't have enough magic to cast this spell.
There is a stone staircase leading up here.
You don't have enough magic to cast this spell.
You climb upwards.
There is a stone staircase leading down here.
You start resting.
You climb downwards.
The orc priest invokes the aid of Beogh against you.
Beogh smites you!
Ouch! That really hurt!
* * * LOW HITPOINT WARNING * * *
The orc barely misses you.
The orc priest invokes the aid of Beogh against you.
Beogh smites you!
Ouch! That really hurt!
You die...
You are now level 4!
You rejoin the land of the living...
A frilled lizard comes into view.

# ##
##.###.##
#.......#####
#.@......l
#.#...#### #.
....... #.
#..#### #.
..# #. ... ##
###


You could see a frilled lizard (asleep).

Vanquished Creatures
  An orc priest (D:3)
  Natasha (twice) (D:3)
  An orc wizard (D:3)
  An adder (D:2)
  3 dart slugs
  5 orcs (D:3)
  6 bats
  6 endoplasms
  4 goblins
  4 hobgoblins
  6 ball pythons
  2 frilled lizards
  A kobold (D:1)
  2 rats (D:1)
44 creatures vanquished.

Notes
Turn   | Place    | Note
-------+----------+-------------------------------------------
     0 | D:1      | vurker the Felid Air Elementalist began the quest for the
                  | Orb.
     0 | D:1      | Reached XP level 1. HP: 7/7 MP: 4/4
    64 | D:1      | Reached skill level 1 in Conjurations
   610 | D:1      | Reached XP level 2. HP: 12/12 MP: 0/6
  1805 | D:2      | Reached XP level 3. HP: 15/15 MP: 5/7
  2308 | D:2      | Reached skill level 1 in Fighting
  2549 | D:3      | Noticed Natasha
  2557 | D:3      | Killed Natasha
  2558 | D:3      | Reached XP level 4. HP: 17/19 MP: 1/9
  2806 | D:3      | Noticed Natasha
  2816 | D:3      | Killed Natasha
  2898 | D:3      | Reached XP level 5. HP: 22/22 MP: 3/10
  2985 | D:3      | Killed from afar by an orc priest
  2986 | D:3      | Reached XP level 4. HP: -5/19 MP: 9/9
  2986 | D:3      | Quit the game

Illustrated notes

Levels and vault maps discovered:
D:1:      dpeg_arrival_stone_temple_mockup, layout_basic
D:2:      layout_basic
D:3:      layout_loops_cross, serial_shops, nicolae_shop_stone, uniq_natasha,
          uniq_sigmund, uniq_ijyb

Skill      XL: |  1  2  3  4 |
---------------+-------------+-----
Conjurations   | 1 |  1.8
Air Magic      | 3 |  3.8
Fighting       | 1 |  1.7
Spellcasting   | 3 |  3.3
Dodging        | |  2.6
Stealth        | |  2.6

Action                   |  1- 3 |  4- 6 || total
-------------------------+-------+-------++-------
Melee: Unarmed           |     2 |       ||     2
 Cast: Shock             |    74 |    35 ||   109
Armor: Skin              |     2 |       ||     2
Dodge: Dodged            |     8 |     4 ||    12

Table legend: (Time is in decaauts)
 A = Elapsed time spent in this place.
 B = Non-inter-level travel time spent in this place.
 C = Inter-level travel time spent in this place.
 D = Time resting spent in this place.
 E = Time spent auto-exploring this place.
 F = Levels seen in this place.
 G = Mean time per level.
                   A        B        C        D        E       F      G
               +--------+--------+--------+--------+--------+-----+--------+
         Total |   2680 |   2634 |     46 |    150 |   2244 |   3 |  893.3 |
       Dungeon |   2680 |   2634 |     46 |    150 |   2244 |   3 |  893.3 |
               +--------+--------+--------+--------+--------+-----+--------+

Top non-repeatable levels by time:
     D:1: 1387 daAuts
     D:2: 1004 daAuts
     D:3: 288 daAuts
